Map: Eternal Empire LE

Players

SpeCial

  • Race: Terran Terran
  • League: Master
  • Spawn Location: 1:00

TYTY (TY) - Winner!

  • Race: Terran Terran
  • League: Grandmaster
  • Spawn Location: 7:00

Event: Shopify TSL 5

VOD

Have the link to the VOD?

Description

Time

  • Played on: May 30, 2020, 9:29 a.m.
  • Length: 14:42

All games in this series

Show
View Real Time Build Order
Export as new Build Order

SpeCial Terran 

Build Orders: Gas First Reaper Expand, Mech, Banshee Rush 

Get SALT Encoding   

  12  0:00  SCV  
  13  0:13  SCV  
  14  0:17  Supply Depot  
  14  0:25  SCV  
  14  0:27  Refinery  
  15  0:38  SCV  
  16  0:44  Barracks  
  16  0:50  SCV  
  17  1:02  SCV  
  18  1:15  SCV  
  19  1:31  Reaper, Orbital Command  
  20  1:33  Supply Depot  
  20  1:54  Command Center  
  20  1:57  SCV  
  21  2:07  Factory  
  21  2:10  SCV  
  21  2:13  Marine  
  23  2:19  Refinery  
  23  2:22  SCV  
  24  2:31  Barracks Tech Lab  
  24  2:34  SCV  
  25  2:46  SCV  
  25  2:50  Starport  
  28  2:51  Hellion  
  28  2:58  SCV, Marine  
  30  3:06  Orbital Command  
  30  3:10  SCV  
  31  3:14  Widow Mine  
  31  3:16  Barracks Tech Lab  
  33  3:22  SCV  
  33  3:26  Refinery  
  34  3:27  Cloaking Field  
  34  3:28  Banshee  
  34  3:29  Orbital Command  
  37  3:34  SCV  
  38  3:46  SCV  
  39  3:52  Cyclone  
  39  3:55  SCV  
  43  3:58  SCV  
  43  3:59  Supply Depot  
  44  4:07  SCV  
  44  4:09  Barracks Tech Lab  
  45  4:11  SCV, Factory  
  45  4:19  SCV  
  45  4:20  Banshee  
  45  4:22  Supply Depot  
  45  4:23  SCV  
  50  4:30  Cyclone  
  53  4:31  SCV  
  54  4:44  SCV x2  
  56  4:49  Supply Depot  
  56  4:56  SCV x2, Command Center  
  56  4:59  Mag-Field Accelerator  
  58  5:02  Refinery  
  58  5:06  Cyclone  
  61  5:08  SCV  
  61  5:11  SCV  
  61  5:14  Supply Depot  
  63  5:17  Cyclone  
  63  5:20  SCV  
  67  5:23  SCV  
  67  5:28  Starport Reactor  
  68  5:32  SCV  
  68  5:35  SCV  
  70  5:37  Supply Depot, Factory  
  70  5:40  Cyclone  
  73  5:45  SCV  
  73  5:47  SCV  
  76  5:57  SCV  
  76  5:59  SCV  
  76  6:01  Cyclone  
  77  6:08  Supply Depot  
  77  6:09  SCV  
  77  6:10  Barracks Reactor  
  75  6:11  SCV  
  75  6:12  Viking x2  
  75  6:13  Cyclone  
  75  6:16  Orbital Command  
  83  6:21  SCV  
  83  6:24  SCV, Refinery  
  85  6:33  SCV  
  85  6:35  Cyclone  
  85  6:36  SCV, Engineering Bay  
  90  6:41  Refinery  
  90  6:45  SCV x2, Cyclone  
  99  6:48  SCV  
  99  6:51  Liberator  
  99  6:56  Liberator  
  99  6:57  SCV x2  
  99  7:00  SCV  
  105  7:03  Supply Depot  
  105  7:05  Hellion x2, Supply Depot  
  109  7:15  SCV x2  
  109  7:23  Supply Depot  
  109  7:24  SCV, Siege Tank x2  
  109  7:25  Armory  
  109  7:27  SCV x2, Hellion x2  
  109  7:28  Supply Depot  
  105  7:44  SCV  
  105  7:49  SCV, Hellion x2  
  105  7:50  Viking x2  
  104  7:52  SCV  
  104  7:56  SCV  
  102  8:01  SCV  
  102  8:04  SCV  
  99  8:08  SCV  
  99  8:10  Hellion x2  
  99  8:11  Siege Tank  
  107  8:13  SCV, Siege Tank  
  107  8:16  SCV  
  112  8:20  Viking  
  112  8:23  Viking  
  106  8:31  Hellion x2  
  106  8:32  Terran Vehicle Weapons Level 1  
  106  8:34  SCV, Armory  
  101  8:36  SCV x2  
  101  8:40  Missile Turret  
  103  8:45  Sensor Tower  
  103  8:46  SCV  
  103  8:48  SCV  
  105  8:52  SCV, Siege Tank  
  105  8:53  Hellion x2  
  116  8:55  Siege Tank  
  116  8:58  SCV  
  117  9:04  SCV  
  117  9:05  SCV  
  116  9:10  SCV  
  116  9:14  Hellion x2  
  116  9:16  SCV, Infernal Pre-Igniter  
  122  9:21  Viking  
  122  9:22  Command Center  
  122  9:24  SCV, Siege Tank  
  127  9:26  Terran Vehicle And Ship Armor Level 1  
  127  9:27  SCV, Siege Tank  
  127  9:28  Supply Depot  
  127  9:31  Viking  
  134  9:40  Factory  
  134  9:45  Hellion x2  
  134  9:50  SCV  
  136  9:52  SCV  
  136  9:54  Viking  
  136  9:56  Siege Tank  
  136  9:59  SCV  
  133  10:01  Viking  
  133  10:05  Siege Tank  
  133  10:06  Hellion  
  133  10:07  Hellion  
  138  10:08  SCV  
  138  10:09  Supply Depot x2  
  138  10:10  SCV  
  138  10:13  Factory  
  140  10:24  Factory Reactor  
  140  10:28  Hellion x2, Siege Tank  
  147  10:32  Terran Vehicle Weapons Level 2  
  147  10:34  SCV x3  
  148  10:37  Siege Tank  
  148  10:39  Medivac  
  148  10:42  Supply Depot  
  153  10:43  Supply Depot  
  153  10:49  Hellion  
  155  10:50  Medivac  
  155  10:51  Hellion  
  159  11:00  SCV x2, Siege Tank  
  164  11:07  Hellion x2  
  164  11:09  Sensor Tower  
  164  11:10  Missile Turret  
  164  11:11  Hellion  
  170  11:12  Siege Tank  
  172  11:21  Unknown  
  172  11:22  Planetary Fortress  
  172  11:26  Hellion x2  
  172  11:27  SCV x3  
  172  11:28  Hellion  
  172  11:32  Hellion  
  181  11:33  Siege Tank  
  182  11:44  Hellion  
  182  11:45  Hellion  
  186  11:50  Hellion  
  186  11:52  Viking  
  188  11:58  Viking  
  188  11:59  Hellion  
  188  12:00  Unknown  
  188  12:03  Hellion  
  188  12:05  Siege Tank  
  188  12:06  Hellion  
  188  12:08  Siege Tank  
  187  12:20  Hellion  
  181  12:25  Hellion x2  
  181  12:29  Hellion, Siege Tank  
  158  12:37  Hellion  
  158  12:40  SCV x2, Unknown, Siege Tank  
  158  12:41  Hellion  
  152  12:44  SCV  
  152  12:47  Hellion  
  152  12:51  Liberator x2  
  147  12:52  SCV x2  
  147  12:56  SCV  
  156  12:58  Siege Tank  
  156  13:01  Hellion x2  
  156  13:03  Hellion  
  156  13:04  SCV x2, Siege Tank  
  164  13:06  Supply Depot  
  164  13:08  SCV, Hellion  
  167  13:15  Hellion  
  167  13:16  SCV  
  167  13:17  SCV  
  166  13:22  SCV, Hellion  
  167  13:29  SCV x2  
  167  13:30  Siege Tank  
  167  13:34  Viking x2, SCV  
  163  13:36  Siege Tank  
  163  13:40  Hellion x2  
  163  13:41  SCV, Hellion, Siege Tank  
  176  13:42  SCV  
  176  13:47  SCV  
  174  13:53  SCV  
  174  13:54  SCV  
  176  13:59  SCV  
  175  14:02  Siege Tank  
  175  14:05  SCV  
  175  14:08  Siege Tank  
  166  14:15  Hellion  
  166  14:16  Unknown  
  170  14:18  Hellion x2  
  170  14:24  SCV  
Show
View Real Time Build Order
Export as new Build Order

TYTY Terran - Winner!

Build Orders:  

Get SALT Encoding   

  12  0:00  SCV  
  13  0:12  SCV  
  14  0:17  Supply Depot  
  14  0:24  SCV  
  15  0:38  SCV  
  15  0:40  Barracks  
  16  0:43  Refinery  
  16  0:50  SCV  
  17  0:59  Barracks  
  17  1:03  SCV  
  18  1:15  SCV  
  19  1:26  Reaper  
  19  1:27  Orbital Command  
  20  1:32  Supply Depot  
  20  1:46  Reaper  
  21  1:54  SCV  
  22  2:03  Reaper  
  22  2:07  SCV  
  24  2:15  Command Center  
  24  2:19  SCV  
  25  2:23  Refinery  
  25  2:25  Marine  
  26  2:31  SCV  
  26  2:35  Marine  
  28  2:40  Factory  
  29  2:46  SCV  
  30  2:52  Supply Depot  
  30  2:56  Bunker  
  30  2:58  SCV  
  30  3:10  SCV  
  31  3:14  Marine x2  
  33  3:23  SCV  
  33  3:25  Factory Tech Lab  
  33  3:26  Starport  
  34  3:29  Orbital Command  
  34  3:35  SCV  
  34  3:36  Marine  
  34  3:37  Marine  
  37  3:47  Cyclone  
  40  3:49  SCV  
  40  3:54  Marine  
  40  3:55  Marine  
  43  3:56  SCV  
  43  4:01  SCV  
  45  4:03  Supply Depot  
  45  4:08  SCV  
  46  4:13  SCV  
  47  4:20  SCV  
  47  4:23  Raven  
  52  4:25  SCV  
  52  4:31  Barracks Reactor, Command Center  
  51  4:32  SCV, Barracks Tech Lab  
  51  4:34  Factory Tech Lab  
  51  4:37  Refinery  
  51  4:38  SCV  
  53  4:39  Supply Depot  
  53  4:44  SCV  
  54  4:50  SCV  
  55  4:56  SCV  
  55  5:02  SCV  
  55  5:05  Marine  
  55  5:06  Raven  
  58  5:08  SCV  
  58  5:09  Marine x2  
  58  5:10  Refinery  
  62  5:14  SCV  
  62  5:16  Stimpack  
  62  5:20  SCV, Barracks  
  63  5:21  Supply Depot x2  
  63  5:23  Factory Reactor  
  63  5:26  SCV  
  65  5:30  Marine x2  
  65  5:33  SCV  
  65  5:35  Engineering Bay  
  68  5:41  Marauder  
  68  5:42  SCV  
  70  5:43  Orbital Command  
  70  5:45  SCV  
  70  5:49  Marine x2  
  72  5:54  SCV  
  69  6:00  SCV  
  69  6:02  Marine  
  72  6:06  SCV  
  72  6:07  Marine  
  72  6:08  Orbital Command  
  72  6:12  SCV  
  72  6:14  Supply Depot, Terran Infantry Weapons Level 1  
  72  6:16  Siege Tank  
  72  6:17  Marine  
  72  6:18  SCV, Medivac x2  
  80  6:20  Marauder  
  84  6:30  SCV  
  84  6:31  Marine  
  84  6:32  Supply Depot, Marine  
  86  6:36  SCV  
  86  6:37  SCV  
  88  6:42  SCV  
  88  6:46  Marauder  
  90  6:48  SCV, Marine  
  90  6:49  SCV  
  90  6:52  Combat Shield  
  93  6:56  Concussive Shells, Supply Depot, Marauder  
  93  6:59  SCV  
  93  7:00  Marine  
  97  7:03  Siege Tank  
  97  7:07  Medivac x2  
  97  7:08  Marine  
  105  7:10  SCV  
  105  7:11  SCV  
  106  7:17  Marauder  
  106  7:20  SCV  
  106  7:21  Supply Depot  
  106  7:22  SCV  
  107  7:26  SCV  
  108  7:33  SCV, Marine x2  
  108  7:34  SCV  
  109  7:37  Barracks  
  109  7:38  Barracks  
  109  7:42  Siege Tank  
  102  7:45  Medivac x2  
  102  7:46  Marine x2  
  102  7:50  SCV x3  
  93  8:00  Marine x2  
  93  8:02  SCV x2  
  93  8:03  Missile Turret  
  93  8:05  SCV, Marauder x2  
  101  8:08  Terran Infantry Armor Level 1  
  102  8:12  Armory  
  102  8:14  SCV x2, Engineering Bay  
  105  8:20  SCV  
  105  8:26  SCV, Marauder x2  
  108  8:28  Siege Tank  
  108  8:30  Barracks Tech Lab x2  
  108  8:31  Marine  
  108  8:34  SCV x2  
  102  8:38  SCV  
  102  8:40  Marine  
  98  8:46  Missile Turret  
  98  8:47  Marauder x2  
  104  8:53  Marauder x2, Marine  
  107  8:56  Refinery  
  107  8:57  Refinery  
  107  8:59  Medivac  
  107  9:00  Medivac  
  107  9:01  Marine  
  112  9:05  SCV x2  
  112  9:08  Marine x2  
  113  9:11  Marine  
  113  9:12  Siege Tank  
  113  9:14  SCV  
  113  9:15  Missile Turret  
  120  9:17  SCV, Supply Depot  
  120  9:19  Marine  
  122  9:28  Terran Infantry Weapons Level 2  
  122  9:30  Marine x3  
  125  9:33  Marauder  
  125  9:34  Command Center, Marauder  
  125  9:37  Supply Depot  
  125  9:38  SCV  
  130  9:44  Siege Tank  
  132  9:48  SCV  
  132  9:49  SCV, Marauder  
  128  9:55  SCV  
  121  10:00  SCV  
  121  10:01  SCV  
  123  10:07  SCV  
  123  10:10  Terran Infantry Armor Level 2  
  123  10:11  Marine x3  
  123  10:13  SCV x2  
  129  10:16  Medivac, Siege Tank  
  134  10:21  Marine x2  
  134  10:24  Barracks Reactor  
  134  10:25  SCV x2, Factory  
  134  10:27  SCV  
  139  10:28  Marine  
  139  10:29  Marine x2  
  142  10:36  Terran Vehicle Weapons Level 1  
  142  10:37  SCV x2  
  142  10:39  Marine x2  
  146  10:43  SCV  
  146  10:46  Marine x2  
  146  10:49  SCV, Marine  
  151  10:52  Siege Tank  
  151  10:53  Command Center  
  151  10:56  Orbital Command  
  154  10:57  SCV, Marine x2  
  154  10:59  SCV  
  158  11:04  Marine  
  158  11:09  Siege Tank  
  164  11:16  Supply Depot x2  
  164  11:17  Supply Depot  
  161  11:25  Liberator  
  164  11:32  Marine  
  164  11:35  Marine  
  164  11:37  Siege Tank, Marine x5, Liberator  
  164  11:38  SCV  
  164  11:39  SCV x2, Barracks  
  178  11:40  Barracks  
  178  11:41  Barracks  
  178  11:43  Siege Tank  
  178  11:44  SCV  
  182  11:49  Marine  
  182  11:51  Terran Infantry Weapons Level 3  
  182  11:52  Fusion Core  
  182  11:53  Marine  
  184  11:58  Marine x4  
  184  11:59  SCV x2  
  184  12:06  Marauder  
  184  12:08  Marauder  
  185  12:10  Marine, Siege Tank  
  185  12:15  Marine, Siege Tank  
  189  12:16  Marauder, Marine x2  
  189  12:20  SCV x2  
  188  12:27  Marauder  
  188  12:29  Marauder  
  192  12:30  SCV  
  192  12:36  Marine  
  182  12:38  Marauder  
  182  12:39  Marine x3  
  182  12:40  SCV x3, Barracks Tech Lab  
  182  12:41  Barracks Tech Lab x2  
  182  12:43  Planetary Fortress  
  184  12:49  Medivac, Marauder, Siege Tank x2  
  184  12:51  Marine  
  178  12:54  Marine  
  178  13:02  Marauder x4, Marine x2  
  178  13:03  Marine  
  189  13:09  Marine  
  190  13:19  Rapid Reignition System  
  190  13:24  Medivac x2  
  194  13:32  Marauder x3  
  194  14:00  Siege Tank x2  
  194  14:01  Medivac  
  198  14:02  Marine  
  198  14:03  Marine  
  198  14:07  Command Center  
  198  14:09  Marauder x6, Marine x2  
  189  14:11  Medivac  
  189  14:13  SCV x4  
  189  14:14  Unknown  
  188  14:17  Command Center  
  177  14:25  SCV x3  
Tags
 
Add a new tag
Caveats
  • Supply blocks, unpowered buildings, or Contaminate may cause inaccurate times.
  • Supply counts are checked every 10 seconds.